 Dungeon Crawl Stone Soup version 0.31.0-32-g396128a36d (webtiles) character file.

Game seed: 8392212492998235172

22292 TacoSundae the Fencer (level 12, -7/102 HPs)
             Began as a Barachi Fighter on Apr 13, 2024.
             Was a High Priest of Okawaru.
             Mangled by a tentacled starspawn (16 damage)
             ... on level 2 of the Abyss.
             The game lasted 00:49:09 (14489 turns).

TacoSundae the Fencer (Barachi Fighter)            Turns: 14489, Time: 00:49:09

Health: -7/102     AC: 12    Str: 18    XL:     12   Next: 99%
Magic:  17/17      EV: 11    Int:  9    God:    Okawaru [*****.]
Gold:   984        SH:  6    Dex: 22    Spells: 11/11 levels left

rFire   + . .        a - +5 long sword
rCold   . . .        c - +0 buckler
rNeg    . . .        r - +0 scale mail
rPois   .            (no helmet)
rElec   .            (no cloak)
rCorr   .            (no gloves)
SInv    .            I - +1 pair of boots
Will    .....        q - amulet of regeneration Stlth
                     j - ring of protection from fire
HPRegen 0.00/turn    E - +6 ring of dexterity
MPRegen 0.15/turn

%: no passive effects
@: mighty, sick, studying Armour, invisible, slow
A: amphibious, slowness 1, strong legs 1, +LOS
a: Hop, Renounce Religion, Heroism, Finesse, Duel


You were on level 2 of the Abyss.
You worshipped Okawaru.
Okawaru was extremely pleased with you.
You visited 3 branches of the dungeon, and saw 15 of its levels.
You visited the Abyss 1 time.
You also visited: Ossuary and Bailey.

You collected 1088 gold pieces.
You spent 104 gold pieces at shops.

Inventory:

Hand Weapons
 a - a +5 long sword (weapon)
 v - a +1 long sword of freezing
Missiles
 e - 22 javelins
 g - 45 poisoned darts (quivered)
 m - 7 throwing nets
 H - a silver javelin
 J - 2 curare-tipped darts
Armour
 c - a +0 buckler (worn)
 n - the +3 scale mail "Ogasagg" {Harm MP-9 Str+3}
   (You found it on level 2 of the Dungeon)

   Str+3:     It affects your strength (+3).
   MP-9:      It affects your magic capacity (-9).
   Harm:      It increases damage dealt and taken.
 r - a +0 scale mail (worn)
 I - a +1 pair of boots (worn)
Jewellery
 j - a ring of protection from fire (left hand)
 q - an amulet of regeneration (around neck)
 E - a +6 ring of dexterity (right hand)
Wands
 k - a wand of polymorph (12)
 p - a wand of digging (2)
 s - a wand of flame (26)
 u - a wand of iceblast (17)
 G - a wand of paralysis (4)
Scrolls
 f - 5 scrolls of teleportation
 l - 3 scrolls of poison
 w - a scroll of enchant weapon
 x - 3 scrolls of silence
 y - 2 scrolls of fog
 z - a scroll of blinking
 B - 3 scrolls of enchant armour
 D - a scroll of brand weapon
 K - a scroll of immolation
Potions
 b - 2 potions of invisibility
 d - 2 potions of might
 h - 3 potions of magic
 i - 3 potions of curing
 o - 2 potions of lignification
 A - 12 potions of ambrosia
 C - 2 potions of attraction
 F - 3 potions of mutation
 L - a potion of brilliance


   Skills:
 + Level 11.9 Fighting
 - Level 16.5 Long Blades
 + Level 14.3 Armour
 + Level 2.7 Dodging
 - Level 4.6 Shields
 + Level 7.5 Invocations


You had 11 spell levels left.
You didn't know any spells.
Your spell library contained the following spells:

 Spells                   Type           Power      Damage    Failure   Level
 Necrotise                Necr           0%         1d4       75%         1
 Blink                    Tloc           0%         N/A       87%         2
 Lesser Beckoning         Tloc           0%         N/A       87%         2
 Momentum Strike          Conj/Tloc      0%         3d8       87%         2
 Static Discharge         Conj/Air       0%         3-3/arc   87%         2
 Sublimation of Blood     Necr           0%         N/A       87%         2
 Hailstorm                Conj/Ice       0%         3d5       98%         3
 Sigil of Binding         Hex            0%         N/A       98%         3
 Stone Arrow              Conj/Erth      0%         3d7       98%         3
 Vampiric Draining        Necr           0%         2d6       98%         3
 Airstrike                Air            0%         2d(0-16)  100%        4
 Dimensional Bullseye     Hex/Tloc       0%         N/A       100%        4
 Passage of Golubria      Tloc           0%         N/A       100%        4
 Curse of Agony           Necr           0%         N/A       100%        5
 Yara's Violent Unravell  Hex/Alch       0%         3d3       100%        5
 Lehudib's Crystal Spear  Conj/Erth      0%         10d2      100%        8
 Call Imp                 Summ           Unusable   N/A       N/A         2
 Call Canine Familiar     Summ           Unusable   N/A       N/A         3
 Summon Ice Beast         Ice/Summ       Unusable   N/A       N/A         3
 Tukima's Dance           Hex            Unusable   N/A       N/A         3
 Animate Armour           Summ/Erth      Unusable   N/A       N/A         4
 Martyr's Knell           Necr/Summ      Unusable   N/A       N/A         4
 Summon Lightning Spire   Summ/Air       Unusable   N/A       N/A         4
 Sculpt Simulacrum        Ice/Alch       Unusable   N/A       N/A         6
 Summon Hydra             Summ           Unusable   N/A       N/A         7

Dungeon Overview and Level Annotations

Branches:
Dungeon (12/15)            Temple (1/1) D:5            Lair (2/5) D:11
Ossuary (visited)          Bailey (visited)
  Swamp: Lair:2-3    Shoals: Lair:2-3     Snake: Lair:2-3    Spider: Lair:2-3
    Orc: D:9-12

Altars:
Ashenzari
Cheibriados
Dithmenos
Elyvilon
Fedhas
Gozag
Hepliaklqana
Kikubaaqudgha
Makhleb
Nemelex Xobeh
Okawaru
Qazlal
Ru
Sif Muna
Trog
Uskayaw
Vehumet
Wu Jian
Xom
Yredelemnul
Zin
The Shining One

Shops:
D:1 (   D:9 [   D:11 ?

Annotations:
D:5 3 runed translucent doors, kftrendy's ghost, novice MiFi
Lair:2 Maggie


Innate Abilities, Weirdness & Mutations

You are amphibious.
You cover ground slowly.
You can hop short distances.
You have an extended range of vision and can be seen from far away.


Message History

The raiju is severely wounded.
You feel like a meek peon again.
You closely miss the raiju.
The raiju is severely wounded.
The raiju misses you.
You slash the raiju!
The raiju is almost dead.
The raiju bites you but does no damage.
You slash the raiju!
You kill the raiju!
Okawaru accepts your kill.
You block the small abomination's attack.
You hit the tentacled starspawn.
The tentacled starspawn is lightly damaged.
You block the small abomination's attack.
The tentacled starspawn bites you but does no damage.
The tentacled starspawn tentacle-slaps you.
You are too injured to fight recklessly!
You are too injured to fight recklessly!
You slash the tentacled starspawn!
The tentacled starspawn is moderately damaged.
You block the small abomination's attack.
The tentacled starspawn bites you!!
* * * LOW HITPOINT WARNING * * *
You block the tentacled starspawn's attack.
Unknown command.
You barely miss the tentacled starspawn.
The tentacled starspawn is lightly damaged.
The small abomination barely misses you.
You feel very mighty all of a sudden.
You block the tentacled starspawn's attack.
The tentacled starspawn tentacle-slaps you.
* * * LOW HITPOINT WARNING * * *
The small abomination closely misses you.
Unknown command.
You fade into invisibility!
The small abomination hits you!
* * * LOW HITPOINT WARNING * * *
The tentacled starspawn bites you!
You die...

.##> . ..#.#
## .# #...
## #.#
.##..## .
#..#
....#.#.##.
> ##.#... ..
.#
#.....##5..
# #...#.xX#
h.#
#.....@#. #
#..##.#....#
#. #...#
...# #.....
...#. .###.#
..#. . . .
#.#.. ## #
..ยง#.. ##
.. #.#


You could see a tentacled starspawn (unable to see you), a small abomination
(unable to see you) and a quasit (unable to see you).

Vanquished Creatures
  A black draconian (Abyss:2)
  Josephine (D:11)
  Harold (D:11)
  3 boulder beetles (Lair:1)
  2 catoblepae (Lair:1)
  2 cyclopes
  2 ugly things (D:11)
  4 cane toads
  2 kobold demonologists (D:10)
  A rime drake (D:11)
  A komodo dragon (Lair:1)
  An ancient zyme (Abyss:2)
  A queen bee (D:9)
  A troll (D:11)
  A polar bear (D:11)
  A raiju (Abyss:2)
  A hornet (D:9)
  4 blink frogs (Lair:1)
  4 wraiths (D:11)
  2 wyverns
  15 yaks
  A basilisk (Lair:2)
  A neqoxec (Abyss:2)
  A steam dragon (Lair:1)
  Duvessa (D:5)
  7 water moccasins
  2 black bears
  5 ice beasts
  11 orc warriors
  4 wolves (Lair:1)
  14 centaurs
  2 phantoms
  3 kobold brigands
  4 bullfrogs
  3 gnoll sergeants
  2 scorpions
  5 water moccasin zombies (Ossuary)
  Dowan (D:5)
  A burial acolyte (Ossuary)
  4 wights (D:7)
  36 killer bees
  2 howler monkeys (D:9)
  3 bombardier beetles
  4 hounds
  2 jellies (D:7)
  7 orc priests
  6 orc wizards
  2 sleepcaps
  Natasha (twice) (D:2)
  A crocodile zombie (Ossuary)
  A bullfrog simulacrum (Ossuary)
  A mummy (Ossuary)
  5 adders
  17 gnolls
  A shadow imp (D:5)
  An adder zombie (Ossuary)
  A ribbon worm (D:4)
  2 dart slugs
  53 orcs
  5 ball pythons
  9 endoplasms
  8 giant cockroaches
  7 gnoll zombies (Ossuary)
  8 goblins
  7 hobgoblins
  2 jackals (D:2)
  4 quokkas
  2 bats
  3 frilled lizards
  5 jackal zombies (Ossuary)
  24 kobolds
  2 quokka zombies (D:5)
  12 rats
368 creatures vanquished.

Vanquished Creatures (others)
  A mummy (Ossuary)
1 creature vanquished.

Grand Total: 369 creatures vanquished

Notes
Turn   | Place    | Note
-------+----------+-------------------------------------------
     0 | D:1      | TacoSundae the Barachi Fighter began the quest for the Orb.
     0 | D:1      | Reached XP level 1. HP: 18/18 MP: 1/1
    48 | D:1      | Reached skill level 3 in Long Blades
   131 | D:1      | Reached XP level 2. HP: 24/24 MP: 2/2
   421 | D:1      | Found Cous's Antique Weapon Shop.
   522 | D:1      | Reached skill level 4 in Long Blades
   591 | D:1      | Reached XP level 3. HP: 26/29 MP: 3/3
  1004 | D:2      | Identified the +3 scale mail "Ogasagg" {Harm MP-9 Str+3}
  1025 | D:2      | Found a hide-covered altar of Uskayaw.
  1163 | D:2      | Noticed Natasha
  1169 | D:2      | Killed Natasha
  1170 | D:2      | Reached skill level 5 in Long Blades
  1176 | D:2      | Reached XP level 4. HP: 25/36 MP: 0/4
  1516 | D:2      | Noticed Natasha
  1521 | D:2      | Killed Natasha
  2256 | D:3      | Found a radiant altar of Vehumet.
  2468 | D:3      | Reached skill level 6 in Long Blades
  2501 | D:3      | Reached XP level 5. HP: 36/41 MP: 0/5
  3723 | D:4      | Reached skill level 7 in Long Blades
  3862 | D:4      | Reached XP level 6. HP: 33/47 MP: 0/6
  4022 | D:5      | Entered Level 5 of the Dungeon
  4039 | D:5      | Found a staircase to the Ecumenical Temple.
  4058 | Temple   | Entered the Ecumenical Temple
  4090 | Temple   | Became a worshipper of Warmaster Okawaru
  4140 | D:5      | Found a sand-covered staircase.
  4154 | Ossuary  | Entered an ossuary
  4260 | Ossuary  | Reached skill level 8 in Long Blades
  4260 | Ossuary  | Reached XP level 7. HP: 50/55 MP: 0/7
  4315 | Ossuary  | Reached * piety under Okawaru
  4316 | Ossuary  | Reached skill level 5 in Fighting
  4316 | Ossuary  | Reached skill level 5 in Armour
  4378 | Ossuary  | Reached skill level 9 in Long Blades
  4688 | D:5      | Reached XP level 8. HP: 63/63 MP: 0/8
  4728 | D:5      | Noticed a yak
  4729 | D:5      | Noticed a yak
  4729 | D:5      | Noticed a yak
  4729 | D:5      | Noticed a yak
  4745 | D:5      | Noticed a yak
  4751 | D:5      | Killed a yak
  4751 | D:5      | Reached ** piety under Okawaru
  4751 | D:5      | Noticed a yak
  4760 | D:5      | Killed a yak
  4764 | D:5      | Killed a yak
  4765 | D:5      | Reached skill level 10 in Long Blades
  4768 | D:5      | Killed a yak
  4773 | D:5      | Killed a yak
  4773 | D:5      | Reached *** piety under Okawaru
  4774 | D:5      | Reached XP level 9. HP: 14/71 MP: 0/9
  5080 | D:5      | Found a snail-covered altar of Cheibriados.
  5122 | D:5      | Noticed Duvessa
  5122 | D:5      | Noticed Dowan
  5130 | D:5      | Killed Duvessa
  5145 | D:5      | Killed Dowan
  5146 | D:5      | Reached skill level 11 in Long Blades
  5358 | D:5      | Found a runed translucent gate.
  5359 | D:5      | Found a runed translucent gate.
  5360 | D:5      | Found a runed translucent gate.
  5362 | D:5      | Noticed a hornet
  5362 | D:5      | Noticed kftrendy's ghost (novice MiFi)
  5601 | D:6      | Found an ornate altar of the Wu Jian Council.
  5644 | D:6      | Reached skill level 1 in Invocations
  7287 | D:7      | Reached **** piety under Okawaru
  7308 | D:7      | Reached skill level 12 in Long Blades
  7462 | D:7      | Found a white marble altar of Elyvilon.
  7855 | D:7      | Reached XP level 10. HP: 68/80 MP: 12/12
  8169 | D:8      | Found a flagged portal.
  8190 | Bailey   | Entered a bailey
  8746 | Bailey   | Identified the +7 executioner's axe "Vanenn" {flame, ^Drain
                  | rElec Int+6}
  9076 | Bailey   | Reached skill level 13 in Long Blades
  9188 | D:8      | Found a hazy altar of Hepliaklqana.
  9197 | D:8      | Found a glowing silver altar of Zin.
  9379 | D:8      | Reached ***** piety under Okawaru
  9944 | D:9      | Received a gift from Okawaru
 10081 | D:9      | Noticed an animated plate armour
 10085 | D:9      | Found Cuylat's Armour Emporium.
 10087 | D:9      | Noticed an animated storm dragon scales
 10286 | D:9      | Reached XP level 11. HP: 59/89 MP: 14/14
 10291 | D:9      | Reached skill level 10 in Armour
 10711 | D:9      | Reached skill level 14 in Long Blades
 10751 | D:9      | Reached skill level 5 in Invocations
 10769 | D:9      | Received a gift from Okawaru
 10957 | D:10     | Entered Level 10 of the Dungeon
 11278 | D:10     | Noticed a cyclops
 11301 | D:10     | Killed a cyclops
 11384 | D:10     | Found an ancient bone altar of Kikubaaqudgha.
 11384 | D:10     | Found a shadowy altar of Dithmenos.
 11388 | D:10     | Found a blossoming altar of Fedhas.
 11900 | D:11     | Noticed a red ugly thing
 11914 | D:11     | Killed a red ugly thing
 11915 | D:11     | Reached skill level 10 in Fighting
 11919 | D:11     | Received a gift from Okawaru
 11930 | D:11     | Noticed Harold
 11948 | D:11     | Killed Harold
 11999 | D:11     | Reached skill level 15 in Long Blades
 12058 | D:11     | Found a staircase to the Lair.
 12178 | D:11     | Noticed a purple ugly thing
 12190 | D:11     | Killed a purple ugly thing
 12282 | D:11     | Noticed Josephine
 12306 | D:11     | Killed Josephine
 12307 | D:11     | Reached XP level 12. HP: 70/98 MP: 11/16
 12374 | D:11     | Found Vokebox's Magic Scroll Boutique.
 12379 | D:11     | Bought 2 scrolls of teleportation for 78 gold pieces
 12379 | D:11     | Bought a scroll of identify for 26 gold pieces
 12745 | D:11     | Received a gift from Okawaru
 12953 | Lair:1   | Entered Level 1 of the Lair of Beasts
 13108 | Lair:1   | Noticed a boulder beetle
 13138 | Lair:1   | Killed a boulder beetle
 13139 | Lair:1   | Reached skill level 16 in Long Blades
 13259 | Lair:1   | Noticed a catoblepas
 13277 | Lair:1   | Killed a catoblepas
 13394 | Lair:1   | Noticed a boulder beetle
 13427 | Lair:1   | Killed a boulder beetle
 13600 | Lair:1   | Received a gift from Okawaru
 13621 | Lair:1   | Noticed a catoblepas
 13652 | Lair:1   | Killed a catoblepas
 13785 | Lair:1   | Noticed a boulder beetle
 13818 | Lair:1   | Killed a boulder beetle
 13819 | Lair:1   | Reached skill level 1 in Dodging
 14387 | Lair:2   | Noticed Maggie
 14412 | Abyss:2  | Cast into level 2 of the Abyss (Maggie)
 14448 | Abyss:2  | Noticed a black draconian
 14463 | Abyss:2  | Killed a black draconian
 14473 | Abyss:2  | Noticed a tentacled starspawn
 14489 | Abyss:2  | Mangled by a tentacled starspawn

Illustrated notes

Levels and vault maps discovered:
D:1:      reono_arrival_forest_river, layout_loops_corners, serial_shops,
          nicolae_shop_pleasant_corner_grove, grunt_decor_one_mirror
D:2:      layout_basic, basic_altar, uniq_natasha
D:3:      layout_basic, vehumet_altar_wand_db, roderic_cross_of_infinity,
          hangedman_decor_slide_cut, grunt_ministairs_3
D:4:      layout_gridville
D:5:      layout_loops_ring, chei_slow_surprise, minmay_temple_entry_arrows,
          gammafunk_ghost_split, enter_ossuary_4, serial_rivers,
          chequers_serial_rivers_room_a, chequers_serial_rivers_micro_e,
          chequers_serial_rivers_small_b, chequers_serial_rivers_small_3,
          chequers_serial_rivers_marsh, chequers_serial_rivers_micro_e,
          uniq_duvessa
D:6:      layout_basic, nicolae_overflow_crystal_walls,
          minmay_misc_feat_encased, nicolae_elevator_lobby_asterisk
D:7:      layout_basic, elyvilon_altar_4, minmay_between
D:8:      layout_basic, minitemple, enter_bailey_5,
          hangedman_abyss_or_decor_stabs, kennysheep_generic_room_3
D:9:      nicolae_cairo_tiling, layout_loops_corners, special_room
          [special_room_bee], serial_shops, nicolae_shop_mannequins
D:10:     layout_irregular_city, minmay_overflow_temple_star_quad
D:11:     layout_irregular_city, hellmonk_lair_entry_icy, serial_shops, shop,
          uniq_harold, uniq_josephine
D:12:     layout_big_octagon, gauntlet_entry_generic, grunt_gozag_breadcrumbs,
          uniq_sonja
Temple:   oiseaux_autumnal_temple
Lair:1:   layout_regular_city
Lair:2:   layout_misc_corridors, hellmonk_spider_entry_life_and_decay,
          minivault_26, uniq_maggie
Abyss:2:  base:
D:2

Skill      XL: |  1  2  3  4  5  6  7  8  9 10 11 12 |
---------------+-------------------------------------+-----
Long Blades    | 3 4 5 6 7 8 9 10 12 13 15 16 | 16.5
Fighting       | 4 5 6 7 9 10 11 | 11.9
Armour         | 4 5 6 7 9 12 14 | 14.3
Shields        | 4 |  4.6
Invocations    | 2 4 6 7 |  7.5
Dodging        | 2 |  2.7

Action                     |  1- 3 |  4- 6 |  7- 9 | 10-12 || total
---------------------------+-------+-------+-------+-------++-------
  Melee: Long sword        |    92 |   242 |   304 |   879 ||  1517
  Throw: Dart              |       |       |       |    15 ||    15
         Javelin           |       |       |       |     3 ||     3
 Invoke: Heroism           |       |       |     2 |     7 ||     9
         Finesse           |       |       |       |     1 ||     1
Ability: Hop               |       |       |       |     7 ||     7
  Evoke: Wand              |       |       |       |    10 ||    10
    Use: Scroll            |       |       |    14 |     7 ||    21
         Potion            |       |       |     3 |     9 ||    12
 Armour: Scale mail        |    67 |   135 |   152 |   553 ||   907
  Dodge: Dodged            |    32 |    94 |    74 |   318 ||   518
  Block: Buckler           |    16 |    51 |    42 |   242 ||   351
